 Dungeon Crawl Stone Soup version 0.29.1-2-gbd0b4ee654 (webtiles) character file.

Game seed: 10329116312309738523

42 zermelo the Chopper (level 3, 0/33 HPs)
             Began as a Minotaur Berserker on Nov 30, 2022.
             Was a Follower of Trog.
             Slain by Natasha (6 damage)
             ... on level 2 of the Dungeon.
             The game lasted 00:03:48 (1071 turns).

zermelo the Chopper (Minotaur Berserker)            Turns: 1071, Time: 00:03:49

Health: 0/33       AC:  6    Str: 23    XL:     3   Next: 33%
Magic:  2/2        EV: 12    Int:  4    God:    Trog [*.....]
Gold:   106        SH:  0    Dex:  9    Spells: 2/2 levels left

rFire   . . .      SeeInvis .   a - +0 hand axe
rCold   . . .      Faith    .   (no shield)
rNeg    . . .      Spirit   .   k - +3 leather armour
rPois   .          Reflect  .   (helmet restricted)
rElec   .          Harm     .   (no cloak)
rCorr   .          Rampage  .   (no gloves)
Will    .....                   (no boots)
Stlth   +.........              (no amulet)
HPRegen 0.11/turn               (no ring)
MPRegen 0.08/turn               (no ring)

@: very slow
A: horns 2, retaliatory headbutt
a: Renounce Religion, Berserk


You were on level 2 of the Dungeon.
You worshipped Trog.
Trog was aware of your devotion.
You visited 1 branch of the dungeon, and saw 2 of its levels.

You collected 106 gold pieces.

Inventory:

Hand Weapons
 a - a +0 hand axe (weapon)
Missiles
 b - 2 poisoned darts
 f - 14 stones
 j - 5 boomerangs (quivered)
Armour
 k - a +3 leather armour (worn)
Scrolls
 e - a scroll of blinking {unknown}
 g - 2 scrolls of identify
Potions
 d - a potion of haste {unknown}
 i - 2 potions of attraction
 l - a potion of curing {unknown}
 m - a potion of heal wounds {unknown}


   Skills:
 - Level 3.8 Fighting
 + Level 5.0 Axes
 - Level 2.6 Armour
 - Level 2.4 Dodging


You had 2 spell levels left.
You didn't know any spells.
Your spell library was empty.

Dungeon Overview and Level Annotations

Branches:
Dungeon (2/15)

Altars:

Annotations:
D:2 Natasha


Innate Abilities, Weirdness & Mutations

You have a pair of horns on your head.
You reflexively headbutt those who attack you in melee.


Message History

You hear a splash.
A nearby plant withers and dies.
Jessica hits you but does no damage.
You hear some strange, mumbled words.
Something tries to affect you, but you resist.
The dart slug bites the plant.
The plant begins to die.
You hit Jessica.
You kill Jessica!
Trog accepts your kill.
Trog appreciates your killing of a magic user.
You hear a splash. x2
A nearby plant withers and dies.
The dart slug splashes around in the water.
You have reached level 3!
Your experience leads to an increase in your attributes!
Increase (S)trength, (I)ntelligence, or (D)exterity?
You feel stronger. x2
Your unstable footing causes you to fumble your attack.
Something claws you.
* * * LOW HITPOINT WARNING * * *
The endoplasm misses you. You furiously retaliate!
You headbutt the endoplasm!
You kill the endoplasm!
Trog accepts your kill.
Your Axes skill increases to level 5!
A nearby plant withers and dies.
You hear some strange, mumbled words.
The hobgoblin hits you but does no damage.
You hear a splashing noise.
You hit the hobgoblin but do no damage. You hit the crimson imp.
You hit something.
The hobgoblin hits you but does no damage.
Something claws you.
* * * LOW HITPOINT WARNING * * *
The crimson imp lashes its tail.
The crimson imp hits you.
* * * LOW HITPOINT WARNING * * *
The hobgoblin hits you but does no damage.
You hit the crimson imp but do no damage.
The crimson imp is moderately wounded.
You hit the hobgoblin. You miss something. Something claws you.
You die...

♣P~~~~....~PP
♣~~~~~~...~~~
~~~~P~...~~♣♣
♣♣~≈~~~.(.~~~♣
#♣~~≈≈~~....~~♣
#P~~≈~PP....~~♣
♣~w≈g~...~~P♣
#~~5@)~...P♣
#~~~{~~...P#
#♣~~)~~...##
♣~~~~~...#
#....~~~~♣...#
#.###♣P~P~##..#
#♣~~## #...
#♣## .## #


You could see a crimson imp (summoned), a dart slug and a hobgoblin.

Vanquished Creatures
  Jessica (D:2)
  2 endoplasms
  2 giant cockroaches (D:1)
  3 goblins
  A hobgoblin (D:2)
  A quokka (D:1)
  2 ball pythons (D:1)
  A frilled lizard (D:1)
  A kobold (D:1)
  A rat (D:2)
15 creatures vanquished.

Vanquished Creatures (others)
  5 plants (D:2)
5 creatures vanquished.

Grand Total: 20 creatures vanquished

Notes
Turn   | Place    | Note
-------+----------+-------------------------------------------
     0 | D:1      | zermelo the Minotaur Berserker began the quest for the Orb.
     0 | D:1      | Reached XP level 1. HP: 19/19 MP: 0/0
   399 | D:1      | Reached XP level 2. HP: 27/27 MP: 1/1
  1045 | D:2      | Reached skill level 4 in Axes
  1057 | D:2      | Noticed Jessica
  1060 | D:2      | Noticed Natasha
  1067 | D:2      | Killed Jessica
  1068 | D:2      | Reached XP level 3. HP: 11/33 MP: 2/2
  1069 | D:2      | Reached skill level 5 in Axes
  1071 | D:2      | Slain by Natasha

Illustrated notes

Levels and vault maps discovered:
D:1:      reono_arrival_mine, layout_basic, chequers_mini_garden, minmay_cupped
D:2:      layout_rooms, nicolae_ecumenical_oubliette, serial_bayou_ford_a,
          uniq_robin, uniq_jessica, uniq_natasha

Skill      XL: |  1  2  3 |
---------------+----------+-----
Axes           | 4 5 |  5.0
Fighting       | |  3.8
Armour         | |  2.6
Dodging        | |  2.4

Action                   || total
-------------------------++-------
Melee: Hand axe          ||    33
       Headbutt          ||     3
  Use: Scroll            ||     4
Armor: Leather armour    ||    10
       Animal skin       ||     2
Dodge: Dodged            ||    20
